 Dungeon Crawl Stone Soup version 0.17.1-1-g73c8601 (webtiles) character file.

459 Genom09 the Changer (level 7, 0/52 HPs)
             Began as a Merfolk Transmuter on Dec 12, 2015.
             Killed by nerve-wracking pain
             ... invoked by an orc priest
              (8 damage)
             ... on level 4 of the Dungeon.
             The game lasted 00:22:23 (2940 turns).

Genom09 the Changer (Merfolk Transmuter)            Turns: 2940, Time: 00:22:23

Health: 0/52       AC:  2    Str: 12    XL:     7   Next: 6%
Magic:  0/10       EV: 22    Int: 13    God:
Gold:   289        SH:  0    Dex: 19    Spells: 3 memorised, 4 levels left

rFire  . . .     SeeInvis .       - Unarmed
rCold  . . .     Clarity  .     (armour currently unavailable)
rNeg   . . .     SustAt   .     (shield currently unavailable)
rPois  x         Gourm    .     (helmet currently unavailable)
rElec  .         Spirit   +     (cloak currently unavailable)
rCorr  .         Warding  .     (gloves currently unavailable)
rMut   .         Stasis   .     (boots currently unavailable)
MR     .....                    m - amulet of guardian spirit
Stlth  +++.......               M - +2 ring of evasion
                                F - ring of stealth

@: spider-form, heavily drained, not resistant to hostile enchantments, fairly
stealthy
A: (change form in water), (swift swim)
a: End Transformation


You were on level 4 of the Dungeon.
You were not hungry.
You were a venomous arachnid creature.
You visited 1 branch of the dungeon, and saw 4 of its levels.

You collected 289 gold pieces.

Inventory:

Hand Weapons
 z - a +0 blowgun
Missiles
 a - 41 arrows
 y - 21 poisoned needles
Armour
 b - a +0 robe (melded)
 p - a +0 cloak (melded)
 s - a +0 scale mail
 t - a +0 helmet
 D - a +0 pair of boots (melded)
 E - a +0 leather armour
 H - a +1 helmet
 K - a +0 ring mail
Jewellery
 m - an amulet of guardian spirit (around neck)
 u - an uncursed amulet of rage
 F - a ring of stealth (left front leg)
 M - a +2 ring of evasion (right front leg)
Scrolls
 f - 2 scrolls of immolation {unknown}
 h - a scroll of identify {unknown}
 l - a scroll of fog {unknown}
 w - a scroll of remove curse {unknown}
 x - a scroll of magic mapping {unknown}
 A - a scroll of recharging {unknown}
 B - a scroll of random uselessness {unknown}
 I - 3 scrolls of teleportation {unknown}
Potions
 e - a potion of curing
 i - 2 potions of resistance {unknown}
 n - a potion of agility {unknown}
 q - a potion of haste {unknown}
 r - a potion of degeneration {unknown}
 C - a potion of cancellation {unknown}
 G - a potion of brilliance {unknown}
 J - a potion of poison {unknown}
 L - a potion of might {unknown}
Books
 c - a book of Changes

   Spells                             Type                      Level
   a - Beastly Appendage              Transmutation                1
   b - Sticks to Snakes               Transmutation                2
   c - Spider Form                    Transmutation/Poison         3
   d - Ice Form                       Ice/Transmutation            4
   e - Blade Hands                    Transmutation                5
Comestibles
 d - 5 bread rations
 g - a beef jerky
 j - 4 fruits
 k - 2 slices of pizza
 o - 2 meat rations
 v - 8 chunks of flesh


   Skills:
 * Level 3.5(1.7) Fighting
 - Level 4.0(2.2) Dodging
 - Level 4.1(2.2) Unarmed Combat
 - Level 2.0(0.2) Spellcasting
 + Level 6.1(4.1) Transmutations
 + Level 3.4(1.6) Poison Magic


You had 4 spell levels left.
You knew the following spells:

 Your Spells              Type           Power        Failure   Level  Hunger
a - Beastly Appendage     Trmt           ##....       21%         1    ##.....
b - Sticks to Snakes      Trmt           ##........   24%         2    ###....
c - Spider Form           Trmt/Pois      #.........   56%         3    ####...


Dungeon Overview and Level Annotations

Branches:
Dungeon (4/15)
 Temple: D:4-7

Altars:
Gozag
Makhleb
Xom
Yredelemnul


Message History

The orc priest closely misses you.
The orc hits you with a whip of draining.
* * * LOW HITPOINT WARNING * * *
You feel drained.
* * * LOW HITPOINT WARNING * * *
You hit the orc but do no damage.
The orc looks even sicker.
The orc is severely wounded.
The orc priest looks more healthy.
The orc priest closely misses you. The orc barely misses you.
You barely miss the orc.
The orc is almost dead.
You kill the orc!
The orc priest hits you with a club.
* * * LOW HITPOINT WARNING * * *
You hit the orc priest but do no damage.
The orc priest is poisoned.
The orc priest is heavily wounded.
The orc priest invokes the aid of Beogh against you.
Pain shoots through your body!
You die...

#.......#................
#.......######....####...
#.......# #....# ##.#
#.......# #....# #)#
#.......# ##'#######.#
#.......# #.##....#..
#.......# #.##....##.
#......o#######.##....# .
#......os.............# .
#.^^^..########.##.#### .
#.^_^...........##.#####.
#..^^..######............
#......# ###.##.#####.
##.##..# ####.##.#####.
#.##..# #.............
######.##..#
###+##.##.#####.
#.......#..#
#....#.##'#####


You could see an orc priest and an orc.

Vanquished Creatures
  A scorpion (D:4)
  An orc wizard (D:4)
  4 worker ants (D:4)
  An orc priest (D:3)
  An iguana (D:4)
  7 adders
  7 gnolls (D:4)
  An ooze (D:3)
  2 worms (D:3)
  2 adder skeletons (D:4)
  4 giant geckos
  11 orcs
  9 bats
  5 giant cockroaches
  2 hobgoblins
  6 jackals
  A quokka (D:4)
  A giant newt (D:3)
  4 goblins
  5 kobolds
  5 rats
80 creatures vanquished.

Vanquished Creatures (collateral kills)
  A worm (D:2)
  A giant cockroach (D:2)
2 creatures vanquished.

Grand Total: 82 creatures vanquished

Notes
Turn   | Place    | Note
--------------------------------------------------------------
     0 | D:1      | Genom09 the Merfolk Transmuter began the quest for the Orb.
     0 | D:1      | Reached XP level 1. HP: 15/15 MP: 3/3
   130 | D:1      | Reached XP level 2. HP: 16/21 MP: 5/5
   472 | D:1      | Reached skill level 4 in Transmutations
   479 | D:1      | Learned a level 2 spell: Sticks to Snakes
   721 | D:2      | Reached XP level 3. HP: 26/26 MP: 3/6
   726 | D:2      | Learned a level 3 spell: Spider Form
   886 | D:2      | Found a basalt altar of Yredelemnul.
  1224 | D:3      | Reached skill level 1 in Poison Magic
  1284 | D:3      | Reached XP level 4. HP: 32/32 MP: 3/7
  1294 | D:3      | Reached skill level 5 in Transmutations
  1423 | D:3      | Found a burning altar of Makhleb.
  1555 | D:3      | Reached XP level 5. HP: 31/37 MP: 6/8
  2151 | D:4      | Reached XP level 6. HP: 12/44 MP: 3/9
  2155 | D:4      | HP: 2/44 [poisoned by a worker ant]
  2472 | D:4      | Found an opulent altar of Gozag.
  2779 | D:4      | Found a shimmering altar of Xom.
  2833 | D:4      | Reached skill level 6 in Transmutations
  2914 | D:4      | Reached XP level 7. HP: 47/52 MP: 4/10
  2940 | D:4      | Killed from afar by an orc priest

Action                   |  1- 3 |  4- 6 |  7- 9 || total
-------------------------+-------+-------+-------++-------
Melee: Unarmed           |    82 |   192 |    14 ||   288
 Fire: Blowgun           |       |     1 |       ||     1
 Cast: Beastly Appendage |    11 |    11 |       ||    22
       Sticks to Snakes  |     3 |     2 |     1 ||     6
       Spider Form       |     3 |    11 |     1 ||    15
  Use: Potion            |       |     1 |       ||     1
 Stab: Sleeping          |       |     3 |       ||     3
  Eat: Chunk             |     2 |     8 |       ||    10
